 Dungeon Crawl Stone Soup version 0.26-a0-812-g31a745ddcd (webtiles) character file.

Game seed: 3070841122647644128

129 MalarOregon the Gusty (level 4, -7/33 HPs)
             Began as a Draconian Air Elementalist on Dec 3, 2020.
             Killed by nerve-wracking pain
             ... invoked by Grinder
              (8 damage)
             ... on level 3 of the Dungeon.
             The game lasted 00:05:01 (3280 turns).

MalarOregon the Gusty (Draconian Air Elementalist)  Turns: 3280, Time: 00:05:01

Health: -7/33      AC:  5    Str: 10    XL:     4   Next: 88%
Magic:  1/8        EV: 12    Int: 17    God:
Gold:   158        SH:  0    Dex: 11    Spells: 3/8 levels left

rFire    . . .     SeeInvis .   (no weapon)
rCold    + . .     Faith    .   (no shield)
rNeg     . . .     Spirit   .   (armour unavailable)
rPois    .         Reflect  .   q - +0 hat
rElec    .         Harm     .   (no cloak)
rCorr    .         Rampage  .   (no gloves)
MR       .....                  (no boots)
Stlth    ++........             j - amulet of the acrobat
HPRegen  0.11/turn              o - ring of protection from cold
MPRegen  0.11/turn              r - ring of flight

@: very slightly contaminated
A: unfitting armour, cold-blooded, AC +5
a: Evoke Flight


You were on level 3 of the Dungeon.
You visited 1 branch of the dungeon, and saw 3 of its levels.

You collected 158 gold pieces.

Inventory:

Armour
 q - a +0 hat (worn)
   (You found it on level 2 of the Dungeon)
Jewellery
 j - an amulet of the acrobat (around neck)
   (You found it on level 2 of the Dungeon)
 o - a ring of protection from cold (left hand)
   (You found it on level 2 of the Dungeon)
 r - a ring of flight (right hand)
   (You found it on level 3 of the Dungeon)
Scrolls
 c - 3 scrolls of blinking {unknown}
 d - 3 scrolls of amnesia {unknown}
 e - a scroll of fog {unknown}
 f - a scroll of magic mapping {unknown}
 g - a scroll of remove curse {unknown}
 m - a scroll of fear {unknown}
 n - a scroll of teleportation {unknown}
 p - 2 scrolls of identify {unknown}
Potions
 a - 2 potions of heal wounds {unknown}
 b - 2 potions of invisibility {unknown}
 h - 2 potions of attraction {unknown}
 i - 2 potions of curing {unknown}
 k - a potion of ambrosia {unknown}
 l - a potion of flight {unknown}
 s - a potion of haste {unknown}


   Skills:
 + Level 2.7 Dodging
 - Level 1.7 Stealth
 + Level 2.9 Spellcasting
 + Level 2.4 Conjurations
 + Level 3.8 Air Magic


You had 3 spell levels left.
You knew the following spells:

 Your Spells              Type           Power        Failure   Level
a - Shock                 Conj/Air       ##..         4%          1
b - Airstrike             Air            ###.......   36%         4

Your spell library contained the following spells:

 Spells                   Type           Power        Failure   Level
 Swiftness                Air            ###.....     5%          2
 Static Discharge         Conj/Air       ##......     14%         3
 Lightning Bolt           Conj/Air       ##........   80%         5


Dungeon Overview and Level Annotations

Branches:
Dungeon (3/15)

Altars:

Annotations:
D:3 Grinder


Innate Abilities, Weirdness & Mutations

Your plain brown scales are hard. (AC +5)
You cannot fit into any form of body armour.
You are cold-blooded and may be slowed by cold attacks.


Message History

Unknown command.
Aim: a hobgoblin, wielding a +0 club (severely wounded)
The zap misses the hobgoblin.
A hobgoblin is nearby!
Aim: a hobgoblin, wielding a +0 club (severely wounded)
The zap hits the hobgoblin.
You kill the hobgoblin!
Your magical contamination has completely faded away.
Things that are here:
a +0 club; a hobgoblin corpse An adder comes into view.
The adder hisses angrily.
Aim: an adder The zap hits the adder.
Aim: an adder (severely wounded)
The zap misses the adder.
Aim: an adder (severely wounded)
The zap hits the adder.
You kill the adder!
You see here an adder corpse.
You see here an adder corpse.
Things that are here:
a +0 club; a hobgoblin corpse As you open the door, it creaks loudly!
Grinder comes into view.
Grinder shouts!
You hear a shout!
Found a bubbling coppery potion.
The zap hits Grinder. x2; Grinder hits you.
You writhe in agony.
The zap hits Grinder.
The zap misses Grinder.
Grinder hits you.
You writhe in agony.
The zap hits Grinder.
The zap misses Grinder.
Grinder hits you.
* * * LOW HITPOINT WARNING * * *
You writhe in agony.
* * * LOW HITPOINT WARNING * * *
The zap misses Grinder.
The zap hits Grinder.
Grinder hits you.
* * * LOW HITPOINT WARNING * * *
You writhe in agony.
* * * LOW HITPOINT WARNING * * *
The zap hits Grinder.
The zap misses Grinder.
Grinder misses you.
Unknown command.
The zap hits Grinder. x2
Grinder gestures at you. Pain shoots through your body!
* * * LOW HITPOINT WARNING * * *
You miscast Shock.
You are very lightly contaminated with residual magic.
Nothing appears to happen.
Grinder gestures at you. Pain shoots through your body!
You die...

#..........# #.......
#..........#######.......
#.....................)..
#.......†..#######.......
#########.## #.......
#####.########.......
!..#)...............
###5#...........#####
#...@...........#
#...............#####
#.....#######........
#.....# #.#######
.###.....# #.#..#
..........# #.#..####
.....##+#.## ####.#..#.†.
............###....#..#.##
..........>...'...........


You could see Grinder.

Vanquished Creatures
  7 adders
  2 oozes
  A dart slug (D:1)
  A leopard gecko (D:2)
  2 orcs (D:3)
  8 bats
  2 giant cockroaches (D:1)
  6 goblins
  7 hobgoblins
  2 ball pythons (D:2)
  3 frilled lizards
  8 kobolds
  6 rats
55 creatures vanquished.

Notes
Turn   | Place    | Note
-------+----------+-------------------------------------------
     0 | D:1      | MalarOregon the Draconian Air Elementalist began the quest
                  | for the Orb.
     0 | D:1      | Reached XP level 1. HP: 14/14 MP: 3/3
   308 | D:1      | Reached XP level 2. HP: 19/20 MP: 1/5
   992 | D:1      | Reached XP level 3. HP: 26/26 MP: 4/6
  2186 | D:2      | Reached XP level 4. HP: 33/33 MP: 1/7
  2790 | D:3      | Learned a level 4 spell: Airstrike
  3273 | D:3      | Noticed Grinder
  3279 | D:3      | HP: 1/33 [Grinder/nerve-wracking pain (6)]
  3280 | D:3      | Killed from afar by Grinder

Illustrated notes

Levels and vault maps discovered:
D:1:      dpeg_arrival_morbid_curiosity, layout_basic
D:2:      layout_rooms, kennysheep_generic_room_9
D:3:      layout_basic, uniq_grinder

Skill      XL: |  1  2  3 |
---------------+----------+-----
Dodging        | 2 |  2.7
Conjurations   | 2 |  2.4
Stealth        | |  1.7
Spellcasting   | |  2.9
Air Magic      | |  3.8

Action                   |  1- 3 |  4- 6 || total
-------------------------+-------+-------++-------
Melee: Unarmed           |    24 |    20 ||    44
       Tailslap          |     2 |     2 ||     4
 Cast: Shock             |    86 |    63 ||   149
Armor: Skin              |    23 |     8 ||    31
Dodge: Dodged            |    40 |    28 ||    68

Table legend: (Time is in decaauts)
 A = Elapsed time spent in this place.
 B = Non-inter-level travel time spent in this place.
 C = Inter-level travel time spent in this place.
 D = Time resting spent in this place.
 E = Time spent auto-exploring this place.
 F = Levels seen in this place.
 G = Mean time per level.
                   A        B        C        D        E       F      G
               +--------+--------+--------+--------+--------+-----+--------+
         Total |   3279 |   3206 |     73 |    401 |   2416 |   3 | 1093.0 |
       Dungeon |   3279 |   3206 |     73 |    401 |   2416 |   3 | 1093.0 |
               +--------+--------+--------+--------+--------+-----+--------+

Top non-repeatable levels by time:
     D:1: 1519 daAuts
     D:2: 1156 daAuts
     D:3: 603 daAuts
